cohdb
Replays
Latest Replays
All Replays
Popular Replays
Top Player Replays
Match Explorer
How It Works
Community
CoH3 Stats
Reddit
Sign in to upload your games and track your stats! →
Sign in with Steam
Match 45341031
Unlisted
Match 45341031
Overview
Messages
Build Orders
End
Kradschützen Motorcycle Team
Selects Italian Combined Arms Battlegroup
Selects Bersaglieri Squad
Bersaglieri Squad
250 Light Carrier
Bersaglieri Squad
Construct Light Support Kompanie
Combat Half-tracks
Selects Bersaglieri Bolster
Fire Support Elements
Flakvierling Half-track
Pak 38 Mechanized Group
Vehicle Survival Package
Selects Breda Model 30 Light Machine Guns
Bersaglieri Squad
Construct Panzerarmee Kommand
Veteran Squad Leaders
Panzer III L Medium Tank
Panzer III L Medium Tank
Selects Semovente da 75/18 Assault Gun
Selects Strafing Run
Panzer III L Medium Tank
Strafing Run
Be.Nice
Rihhno
Skibidi Rizzler
Earthdog
Longbowmen80
Fungers 🌹
Kakamora
BlueJavaChip
0
0
Comments
sign in to comment!
No comments posted yet!